Map: Rozkwit ER

Players

Esharell

  • Race: Zerg Zerg
  • League: Platinum
  • Spawn Location: 9:00

Legol

  • Race: Protoss Protoss
  • League: Platinum
  • Spawn Location: 6:00

BroMetheus - Winner!

  • Race: Terran Terran
  • League: Diamond
  • Spawn Location: 12:00

Kinglui - Winner!

  • Race: Protoss Protoss
  • League: Diamond
  • Spawn Location: 3:00

VOD

Have the link to the VOD?

Description

Time

  • Played on: Jan. 9, 2020, 4:21 p.m.
  • Length: 20:24
Show
View Real Time Build Order
Export as new Build Order

Esharell Zerg 

Build Orders: Pool First, Swarm Host 

Get SALT Encoding   

  12  0:01  Drone  
  13  0:13  Overlord  
  13  0:18  Drone  
  14  0:31  Drone x2  
  16  0:36  Drone  
  17  0:49  Spawning Pool  
  16  0:50  Drone  
  17  0:58  Drone  
  18  1:15  Hatchery  
  17  1:18  Extractor  
  17  1:19  Drone  
  17  1:22  Drone  
  18  1:31  Drone  
  19  1:38  Queen  
  19  1:39  Zergling x2  
  22  1:50  Overlord  
  22  2:09  Drone  
  23  2:16  Queen  
  25  2:22  Metabolic Boost  
  25  2:25  Drone x2  
  25  2:27  Queen  
  29  2:45  Hatchery  
  28  2:58  Drone x4  
  31  2:59  Drone  
  32  3:16  Overlord  
  32  3:17  Drone x3  
  35  3:35  Drone x6  
  39  3:42  Spine Crawler  
  39  3:57  Drone x2  
  39  3:59  Drone x3  
  39  4:00  Drone x2  
  46  4:03  Extractor  
  46  4:04  Lair  
  46  4:05  Pneumatized Carapace  
  46  4:08  Queen  
  46  4:09  Extractor  
  46  4:20  Zergling x4  
  46  4:21  Zergling x2  
  46  4:22  Overlord x3  
  49  4:55  Spore Crawler  
  49  4:56  Spore Crawler  
  47  5:01  Drone x3  
  47  5:04  Drone x3  
  47  5:06  Drone x2  
  55  5:11  Drone x6, Extractor  
  60  5:25  Zergling x6  
  60  5:26  Zergling x8  
  67  5:34  Zergling x8  
  62  5:39  Drone x2  
  57  5:44  Zergling x2  
  58  6:01  Drone x2  
  58  6:03  Drone x3  
  64  6:18  Drone x3  
  64  6:19  Drone  
  64  6:21  Overlord x2  
  67  6:39  Queen  
  63  6:42  Overlord x5  
  63  6:43  Overlord  
  63  6:52  Spire  
  62  7:00  Drone  
  62  7:01  Drone x2  
  65  7:04  Drone x3  
  65  7:06  Overseer  
  67  7:18  Zergling x2  
  67  7:19  Zergling x6  
  60  7:45  Zergling x12  
  60  7:46  Zergling x4  
  61  8:13  Corruptor  
  61  8:14  Corruptor x11  
  85  8:22  Spore Crawler x2  
  85  8:25  Corruptor x2  
  87  8:30  Zerg Flyer Weapons Level 1  
  87  8:33  Drone x2  
  89  8:35  Drone x2  
  91  8:51  Drone x3  
  91  8:52  Drone x2  
  91  8:54  Spine Crawler x2  
  94  8:56  Corruptor  
  96  9:09  Corruptor x2  
  100  9:16  Corruptor x2  
  104  9:23  Overlord x2  
  104  9:31  Corruptor x2  
  108  9:40  Corruptor  
  108  10:10  Corruptor  
  108  10:11  Corruptor x2  
  114  10:36  Zerg Flyer Weapons Level 2  
  114  10:38  Infestation Pit  
  110  11:05  Drone x2  
  110  11:06  Drone x4, Extractor  
  110  11:11  Extractor  
  114  11:16  Hive  
  114  11:20  Zergling x2  
  114  11:21  Zergling x14  
  114  11:22  Hatchery  
  114  11:23  Overlord x7  
  121  11:42  Swarm Host  
  121  11:43  Swarm Host x6  
  142  11:56  Swarm Host x2  
  148  12:07  Swarm Host x2  
  148  12:08  Swarm Host  
  157  12:25  Drone  
  157  12:26  Drone x5  
  157  12:27  Swarm Host x2  
  157  12:28  Swarm Host x2  
  175  12:47  Queen  
  177  12:51  Swarm Host x2  
  183  13:07  Drone  
  183  13:08  Overlord x2  
  183  13:09  Overlord x4  
  184  13:52  Zerg Flyer Weapons Level 3  
  184  13:56  Swarm Host x5  
  199  14:40  Hatchery  
  194  16:02  Queen  
  181  16:28  Swarm Host x6  
  181  16:29  Zerg Flyer Armor Level 1  
  180  17:28  Zergling x30  
  180  17:29  Zergling x10  
  194  18:01  Zergling x2  
  194  18:02  Zergling x10  
  198  18:23  Zergling x4  
  188  18:58  Zergling x2  
  188  18:59  Zergling x40  
  143  19:22  Mutalisk x3  
  143  19:23  Mutalisk x7  
  136  19:31  Zergling x4  
  136  19:36  Mutalisk x3  
  112  19:57  Zergling x2  
  112  19:58  Zergling x26  
Show
View Real Time Build Order
Export as new Build Order

Legol Protoss 

Build Orders:  

Get SALT Encoding   

  12  0:01  Probe  
  13  0:13  Probe  
  14  0:22  Pylon  
  14  0:25  Probe  
  15  0:40  Probe (Chrono Boost)  
  15  0:41  Gateway  
  16  0:52  Probe (Chrono Boost)  
  16  0:53  Assimilator  
  17  0:59  Probe  
  18  1:11  Probe  
  19  1:24  Probe (Chrono Boost)  
  20  1:29  Cybernetics Core  
  20  1:30  Pylon  
  20  1:36  Probe (Chrono Boost)  
  21  1:43  Probe (Chrono Boost)  
  22  1:58  Nexus  
  22  2:03  Assimilator  
  22  2:05  Warp Gate  
  22  2:15  Stalker  
  24  2:18  Probe  
  24  2:30  Probe  
  24  2:33  Gateway  
  25  2:42  Probe  
  26  2:44  Stalker  
  28  2:54  Probe  
  29  3:15  Stalker  
  29  3:19  Probe (Chrono Boost)  
  33  3:23  Stalker  
  33  3:25  Probe (Chrono Boost)  
  35  3:29  Probe (Chrono Boost)  
  35  3:33  Probe (Chrono Boost)  
  35  3:34  Robotics Facility  
  37  3:36  Pylon  
  37  3:42  Probe  
  37  3:43  Probe  
  39  3:54  Probe  
  40  3:57  Probe  
  40  4:01  Sentry  
  43  4:05  Stalker  
  43  4:06  Probe  
  43  4:09  Probe  
  47  4:10  Pylon  
  47  4:15  Forge  
  47  4:18  Probe  
  47  4:21  Observer (Chrono Boost), Probe (Chrono Boost)  
  50  4:31  Probe (Chrono Boost)  
  51  4:32  Pylon  
  51  4:33  Probe (Chrono Boost)  
  51  4:36  Immortal (Chrono Boost)  
  56  4:43  Probe x2 (Chrono Boost)  
  56  4:45  Assimilator  
  58  4:49  Assimilator  
  58  5:04  Stalker x2  
  62  5:20  Protoss Ground Weapons Level 1 (Chrono Boost)  
  62  5:28  Stalker x2  
  66  5:49  Gateway  
  66  5:51  Gateway  
  66  5:53  Gateway  
  66  5:56  Twilight Council  
  66  5:58  Photon Cannon  
  66  5:59  Immortal (Chrono Boost)  
  66  6:02  Photon Cannon  
  70  6:10  Pylon  
  70  6:13  Photon Cannon  
  70  6:17  Pylon, Photon Cannon  
  70  6:20  Pylon  
  70  6:29  Stalker x2  
  70  6:31  Blink (Chrono Boost)  
  74  6:37  Warp Prism  
  76  6:45  Stalker  
  78  6:50  Probe x2  
  80  6:56  Stalker x3  
  86  7:02  Probe  
  87  7:28  Stalker x3  
  93  7:39  Pylon  
  93  7:42  Pylon  
  93  7:44  Pylon  
  93  7:59  Nexus  
  93  8:00  Stalker x4  
  93  8:01  Stalker  
  103  8:18  Protoss Ground Weapons Level 2 (Chrono Boost), Probe x2  
  105  8:28  Gateway  
  105  8:30  Probe  
  105  8:31  Probe, Gateway  
  105  8:33  Gateway  
  107  8:45  Pylon  
  107  8:47  Probe  
  107  8:48  Probe  
  109  8:49  Pylon  
  109  9:00  Probe x2, Zealot x3  
  117  9:14  Stalker  
  117  9:15  Stalker  
  121  9:24  Stalker x4  
  123  9:39  Zealot  
  123  9:40  Zealot x3  
  115  10:05  Stalker x6  
  115  10:06  Stalker x2  
  87  10:29  Stalker  
  87  10:30  Stalker x6  
  101  10:39  Probe x2  
  101  10:40  Probe, Robotics Facility  
  104  10:43  Assimilator  
  104  10:51  Probe  
  104  10:54  Protoss Ground Weapons Level 3 (Chrono Boost)  
  104  10:56  Templar Archives  
  105  11:04  Immortal (Chrono Boost)  
  105  11:28  Stalker x3  
  105  11:29  Stalker x4  
  119  11:37  Immortal (Chrono Boost)  
  123  11:44  Probe x2  
  123  11:45  Probe  
  123  11:46  Assimilator  
  126  11:56  Psionic Storm  
  126  12:19  Zealot  
  126  12:20  Zealot x6  
  126  12:21  Zealot  
  142  12:23  Nexus  
  142  12:45  High Templar x2  
  142  12:46  High Templar  
  148  12:54  Pylon  
  148  12:57  Pylon, Probe x3  
  139  13:00  Pylon  
  139  13:03  Zealot x4  
  139  13:04  Pylon, Zealot  
  145  13:27  High Templar x2  
  145  13:28  High Templar x5  
  145  13:29  High Templar  
  145  13:31  Archon  
  145  13:32  Archon x3  
  145  13:33  Archon  
  157  13:45  Protoss Ground Armor Level 1 (Chrono Boost)  
  155  13:48  Immortal (Chrono Boost)  
  155  13:49  Immortal (Chrono Boost)  
  155  13:53  Assimilator  
  161  13:58  Assimilator  
  159  14:26  High Templar x3  
  159  14:27  High Templar x2  
  169  14:32  Archon x2  
  99  14:54  Zealot x3  
  61  15:02  Stalker x5  
  61  15:19  Stalker  
  61  15:20  Stalker x2  
  52  15:34  Zealot  
  52  15:35  Zealot x3  
  60  15:42  Gateway  
  60  15:44  Gateway  
  60  16:09  Zealot x3  
  60  16:10  Zealot x5  
  74  16:31  Zealot x6  
  74  16:32  Zealot x2  
  62  17:02  Zealot x6  
  48  17:39  Zealot x3  
  48  17:40  Zealot  
  48  18:24  Nexus  
  48  19:12  Nexus  
  48  20:00  Pylon x2  
  48  20:04  Zealot x3  
Show
View Real Time Build Order
Export as new Build Order

BroMetheus Terran - Winner!

Build Orders: Gas First Reaper Expand, Mech 

Get SALT Encoding   

  12  0:01  SCV  
  13  0:13  SCV  
  14  0:19  Supply Depot  
  14  0:25  SCV  
  15  0:31  Refinery  
  15  0:44  Barracks  
  15  0:49  SCV  
  16  1:01  SCV  
  17  1:13  SCV  
  18  1:41  Reaper  
  18  1:42  Orbital Command  
  19  1:56  Command Center  
  19  2:07  Supply Depot  
  19  2:08  SCV  
  20  2:13  Marine  
  21  2:20  SCV  
  22  2:30  Factory  
  22  2:32  Barracks Reactor, SCV  
  23  2:43  Refinery  
  23  2:44  SCV  
  23  3:25  Barracks Tech Lab, Hellion x2  
  23  3:26  Orbital Command  
  27  3:30  SCV  
  28  3:42  SCV, Factory  
  28  3:46  Hellion  
  28  3:47  Hellion  
  33  3:54  SCV  
  34  3:58  SCV  
  34  4:01  Barracks Tech Lab  
  34  4:02  Supply Depot  
  35  4:06  SCV  
  35  4:08  Hellion x2  
  40  4:10  SCV  
  40  4:16  Starport  
  41  4:18  SCV  
  41  4:22  SCV  
  43  4:24  Supply Depot  
  43  4:37  Siege Tank  
  46  4:38  Infernal Pre-Igniter  
  46  4:45  SCV x2  
  48  4:46  Hellion x2  
  48  4:51  Factory  
  52  4:57  Engineering Bay, SCV  
  53  5:03  SCV  
  53  5:05  Barracks Tech Lab  
  54  5:09  SCV  
  54  5:10  Supply Depot  
  55  5:16  SCV  
  55  5:21  SCV  
  57  5:23  Siege Tank, Hellion  
  62  5:32  Hellion  
  62  5:46  Hellion x2  
  56  5:53  Viking  
  56  5:55  Siege Tank  
  56  5:56  SCV x2  
  63  5:58  Refinery  
  63  6:08  SCV x2  
  64  6:20  SCV  
  64  6:22  Armory, SCV  
  66  6:27  Hellion x2  
  66  6:28  Command Center  
  70  6:34  Refinery  
  70  7:18  Supply Depot x3  
  70  7:20  Supply Depot  
  70  7:24  Terran Vehicle Weapons Level 1  
  70  7:29  Armory  
  70  7:31  Hellion x6  
  70  7:39  Siege Tank, Marine  
  70  7:40  Hellion x3  
  68  8:12  Starport Tech Lab  
  68  8:19  Missile Turret x2  
  68  8:21  Missile Turret  
  68  8:22  Missile Turret  
  68  8:23  SCV x2  
  68  8:24  Missile Turret x2, Orbital Command  
  70  8:28  Sensor Tower  
  70  8:29  Thor x2  
  82  8:35  SCV x2  
  82  8:38  Terran Vehicle And Ship Armor Level 1, Factory  
  82  8:39  Factory  
  84  8:47  SCV x2  
  86  8:58  Missile Turret  
  86  8:59  SCV  
  86  9:01  Missile Turret x2  
  87  9:05  Hellion x2  
  91  9:15  SCV x3  
  91  9:16  Refinery  
  91  9:17  Refinery  
  94  9:23  Supply Depot x3  
  94  9:26  Factory Tech Lab x2  
  94  9:27  SCV x3  
  97  9:33  Thor  
  103  9:39  SCV  
  103  9:47  Siege Tank x3  
  104  10:11  Hellion x2  
  104  10:16  Siege Tank  
  104  10:19  Siege Tank x2  
  109  10:24  Thor  
  109  10:26  SCV x3  
  118  10:38  SCV x2  
  120  10:43  Hellion x2  
  120  10:49  Hellion  
  125  10:51  Hellion  
  123  11:03  Missile Turret  
  123  11:04  Missile Turret  
  123  11:06  Command Center  
  123  11:18  SCV x3  
  124  11:30  SCV x3  
  124  11:31  Hellion x2  
  124  11:32  Hellion x4  
  139  11:42  SCV x2  
  139  11:43  Supply Depot x2  
  141  11:48  Terran Vehicle And Ship Armor Level 2, Terran Vehicle Weapons Level 2  
  141  11:52  Supply Depot  
  141  11:53  Supply Depot  
  141  12:00  Command Center  
  141  12:04  SCV  
  141  12:05  Hellion  
  141  12:07  Supply Depot  
  144  12:12  Thor x2  
  156  12:20  Planetary Fortress  
  156  12:32  Hi-Sec Auto Tracking  
  156  12:56  Marine  
  157  13:12  Starport  
  157  13:16  Starport  
  157  13:18  Starport Reactor  
  143  13:47  SCV  
  139  13:59  SCV x3  
  139  14:01  Planetary Fortress  
  142  14:11  SCV x2  
  142  14:12  SCV  
  145  14:23  SCV  
  145  14:24  SCV x2  
  148  14:36  SCV x3  
  141  14:53  Starport Reactor x2  
  141  14:56  Viking x2  
  133  15:11  Hellion x2  
  133  15:12  Hellion x4  
  128  15:28  Viking x2  
  122  15:58  Viking  
  122  16:00  Thor x3, Hellion x2  
  122  16:01  Viking x3  
  122  16:02  Viking x2  
  156  16:28  Viking  
  158  16:33  Thor, Hellion x2  
  164  16:43  Thor  
  165  17:09  Viking x3  
  165  17:10  Viking x2  
  165  17:11  Hellion  
  165  17:12  Hellion  
  165  17:14  Thor  
  165  17:15  Thor  
  156  17:41  Viking x4  
  156  17:42  Viking x2  
  156  17:44  Hellion x2  
  172  17:45  Thor  
  178  17:51  Thor  
  178  17:56  Thor  
  178  18:00  Thor x3  
  178  18:10  Hellion x3  
  178  18:12  Viking x3  
  178  18:14  Viking  
  174  18:20  Refinery x2  
  174  18:33  Hellion x2  
  172  18:54  Orbital Command  
  150  19:01  Thor  
  150  19:02  Hellion  
  152  19:47  Missile Turret  
  152  19:48  Missile Turret x2  
  152  19:49  Missile Turret  
  152  20:03  SCV x4  
  156  20:10  Missile Turret  
Show
View Real Time Build Order
Export as new Build Order

Kinglui Protoss - Winner!

Build Orders: Oracle Opening, Carriers 

Get SALT Encoding   

  12  0:00  Probe  
  13  0:13  Probe  
  14  0:19  Pylon  
  14  0:25  Probe  
  15  0:37  Probe (Chrono Boost)  
  16  0:46  Probe (Chrono Boost)  
  16  0:49  Gateway  
  17  0:52  Probe  
  18  0:58  Assimilator  
  19  1:04  Probe  
  19  1:10  Assimilator  
  19  1:16  Probe  
  20  1:28  Probe  
  20  1:29  Pylon  
  21  1:37  Cybernetics Core  
  21  1:39  Zealot  
  23  1:47  Probe  
  24  1:59  Probe  
  25  2:15  Adept (Chrono Boost)  
  25  2:19  Warp Gate (Chrono Boost)  
  27  2:34  Nexus  
  27  2:39  Pylon  
  27  2:41  Stargate  
  27  2:49  Probe  
  28  3:01  Probe  
  29  3:13  Probe  
  29  3:16  Pylon  
  30  3:22  Gateway  
  30  3:25  Probe  
  31  3:37  Probe  
  32  3:49  Probe  
  32  3:54  Oracle (Chrono Boost)  
  31  4:01  Probe, Shield Battery  
  35  4:03  Zealot  
  35  4:05  Probe  
  35  4:09  Stargate  
  38  4:14  Probe  
  38  4:15  Assimilator  
  40  4:17  Probe  
  40  4:20  Assimilator  
  40  4:23  Phoenix (Chrono Boost)  
  40  4:26  Probe  
  40  4:29  Probe  
  40  4:30  Zealot  
  46  4:37  Twilight Council  
  46  4:38  Probe  
  47  4:41  Probe  
  48  4:52  Probe (Chrono Boost)  
  49  4:53  Probe (Chrono Boost)  
  50  5:04  Fleet Beacon  
  50  5:05  Probe (Chrono Boost)  
  52  5:07  Probe (Chrono Boost)  
  52  5:10  Probe (Chrono Boost)  
  53  5:14  Probe  
  54  5:22  Probe  
  54  5:26  Probe  
  56  5:34  Probe  
  54  5:38  Probe  
  54  5:39  Stalker  
  57  5:45  Gateway  
  57  5:46  Probe  
  57  5:49  Gateway  
  58  5:50  Probe  
  59  5:58  Probe  
  60  6:04  Nexus  
  60  6:07  Pylon  
  59  6:12  Zealot  
  61  6:20  Probe  
  61  6:21  Carrier (Chrono Boost)  
  68  6:37  Stargate  
  68  6:40  Zealot  
  68  6:45  Pylon  
  70  6:48  Pylon  
  70  6:58  Nexus  
  70  6:59  Pylon  
  70  7:01  Pylon  
  70  7:03  Carrier (Chrono Boost)  
  76  7:09  Pylon  
  76  7:13  Carrier, Pylon  
  82  7:23  Zealot  
  84  7:31  Forge  
  84  7:41  Carrier  
  90  7:58  Mothership  
  90  8:01  Carrier (Chrono Boost), Zealot  
  90  8:02  Zealot x2  
  110  8:26  Probe  
  112  8:27  Probe  
  112  8:31  Photon Cannon  
  112  8:32  Photon Cannon  
  112  8:34  Pylon  
  112  8:36  Pylon, Assimilator  
  112  8:38  Probe  
  112  8:39  Probe  
  112  8:41  Assimilator  
  120  8:50  Probe  
  120  8:51  Probe  
  120  8:55  Carrier (Chrono Boost)  
  122  8:58  Templar Archives, Protoss Ground Armor Level 1 (Chrono Boost)  
  122  9:11  Zealot x2  
  122  9:12  Zealot x2  
  126  9:41  Stalker x4  
  88  10:12  Stalker x3  
  88  10:13  Stalker  
  88  10:14  Void Ray x3 (Chrono Boost)  
  86  10:36  High Templar  
  88  10:43  Psionic Storm  
  88  10:48  Blink (Chrono Boost)  
  88  10:49  Pylon, Void Ray  
  90  11:07  Zealot x3  
  96  11:15  Nexus  
  96  11:27  Stalker  
  96  11:28  Stalker x3  
  104  11:51  High Templar x2  
  104  11:54  Zealot x2  
  112  12:02  Probe x2  
  112  12:06  Photon Cannon  
  112  12:08  Shield Battery  
  114  12:14  Probe x2, Protoss Ground Armor Level 2 (Chrono Boost)  
  116  12:23  Zealot x4  
  116  12:26  Probe  
  116  12:27  Probe  
  96  13:04  Stalker x2  
  96  13:05  Stalker x2  
  104  13:06  Probe  
  104  13:09  Probe x2  
  107  13:18  Probe  
  97  13:39  Photon Cannon  
  97  13:49  Probe  
  98  14:00  Stalker x3  
  98  14:01  Stalker  
  98  14:02  Probe x2  
  108  14:24  Gateway  
  108  14:27  Gateway  
  108  14:29  Gateway  
  108  14:32  Stalker x2  
  112  14:39  Nexus  
  77  15:17  Archon  
  77  15:22  Stalker x5  
  77  15:23  Stalker x2  
  91  15:40  Probe  
  91  15:41  Probe x2  
  94  15:44  Pylon  
  72  16:31  Stalker x3  
  72  16:32  Stalker x4  
  74  16:37  Gateway  
  74  16:39  Gateway  
  71  16:58  Pylon  
  71  16:59  Zealot x3  
  71  17:00  Zealot  
  78  17:04  Probe x2  
  72  17:27  Probe  
  73  17:31  Forge  
  73  17:32  Stalker  
  73  17:34  High Templar x3, Forge  
  73  17:35  High Templar x3  
  87  17:38  Probe x2  
  87  17:39  Probe x2  
  91  17:51  Probe x2  
  91  17:56  Gateway  
  93  18:06  Stalker  
  93  18:07  Archon x2  
  93  18:10  Protoss Ground Weapons Level 1 (Chrono Boost), Stalker  
  93  18:11  Stalker x3  
  103  18:21  Assimilator  
  103  18:24  Photon Cannon  
  103  18:25  Assimilator  
  103  18:30  Stalker x2  
  107  18:39  Stalker  
  107  18:40  Stalker x2  
  93  20:03  High Templar  
  93  20:04  High Templar x4  
  93  20:07  Probe x2  
  105  20:11  Probe  
  106  20:22  Nexus  
Tags
 
Add a new tag
Caveats
  • Supply blocks, unpowered buildings, or Contaminate may cause inaccurate times.
  • Supply counts are checked every 10 seconds.